 Dungeon Crawl Stone Soup version 0.25-a0-632-g7713895373 (webtiles) character file.

Game seed: 17140624276825655927, levelgen mode: deterministic

301 Esekla the Skirmisher (level 6, -2/48 HPs)
             Began as a Demonspawn Abyssal Knight on Mar 19, 2020.
             Was a Believer of Lugonu.
             Slain by an orc wizard
             ... wielding a +0 dagger
              (3 damage)
             ... on level 4 of the Dungeon.
             The game lasted 00:16:29 (3782 turns).

Esekla the Skirmisher (Demonspawn Abyssal Knight)   Turns: 3782, Time: 00:16:29

Health: -2/48      AC:  4    Str: 13    XL:     6   Next: 14%
Magic:  8/8        EV: 12    Int: 13    God:    Lugonu [**....]
Gold:   128        SH:  4    Dex: 14    Spells: 5/5 levels left

rFire    . . .     SeeInvis .   a - +1 falchion
rCold    . . .     Gourm    .   (no shield)
rNeg     . . .     Faith    .   b - +0 leather armour
rPois    .         Spirit   .   (no helmet)
rElec    .         Reflect  .   (no cloak)
rCorr    .         Harm     .   p - +0 pair of gloves (curse)
MR       .....                  (no boots)
Stlth    +.........             (no amulet)
HPRegen  0.16/turn              (no ring)
MPRegen  0.11/turn              (no ring)

@: no status effects
A: hooves 1, large bone plates 1
a: Depart the Abyss, Bend Space, Renounce Religion


You were on level 4 of the Dungeon.
You worshipped Lugonu.
Lugonu was pleased with you.
You were hungry.

You visited 1 branch of the dungeon, and saw 4 of its levels.
You visited the Abyss 1 time.

You collected 128 gold pieces.

Inventory:

Hand Weapons
 a - a +1 falchion (weapon)
 j - a +2 dagger of protection
Missiles
 g - 8 poisoned darts (quivered)
 i - 7 boomerangs
Armour
 b - a +0 leather armour (worn)
 p - a cursed +0 pair of gloves (worn)
Jewellery
 r - an uncursed ring of fire
Scrolls
 d - 4 scrolls of identify {unknown}
 f - a scroll of random uselessness {unknown}
 h - a scroll of noise {unknown}
 k - a scroll of enchant armour {unknown}
 l - a scroll of teleportation {unknown}
 m - a scroll of enchant weapon {unknown}
 n - a scroll of remove curse {unknown}
 q - a scroll of fog {unknown}
Potions
 e - a potion of invisibility {unknown}
 o - a potion of might {unknown}
Comestibles
 c - 5 rations


   Skills:
 + Level 4.0 Fighting
 + Level 4.0 Long Blades
 + Level 2.7 Armour
 + Level 2.2 Dodging
 + Level 0.5 Stealth
 + Level 3.2 Invocations


You had 5 spell levels left.
You didn't know any spells.
Your spell library was empty.

Dungeon Overview and Level Annotations

Branches:
Dungeon (4/15)
 Temple: D:4-7

Altars:
Dithmenos
Fedhas
Kikubaaqudgha
Yredelemnul

Annotations:
D:2 Menkaure


Innate Abilities, Weirdness & Mutations

You have large cloven feet.
You are partially covered in large bone plates. (SH +4)


Message History

The orc wizard gestures wildly while chanting.
The orc wizard seems to speed up.
The orc hits you but does no damage. The orc hits you with a +0 flail.
You hit the orc wizard but do no damage.
Your kick misses the orc wizard.
The orc wizard is heavily wounded.
The orc wizard hits you but does no damage.
The orc hits you with a +0 trident. The orc hits you with a +0 hand axe!
* * * LOW HITPOINT WARNING * * *
The orc wizard hits you with a +0 dagger.
* * * LOW HITPOINT WARNING * * *
The orc hits you with a +0 flail.
* * * LOW HITPOINT WARNING * * *
The orc hits you from afar with a +0 trident.
* * * LOW HITPOINT WARNING * * *
The orc wizard closely misses you.
The orc hits you from afar with a +0 trident.
* * * LOW HITPOINT WARNING * * *
The orc wizard hits you with a +0 dagger.
You die...

#### #..# ##..+
################...####..?
#................<........#
..................†####...#
......[..o..............#
.......Z.Jo@.......####....
..........o........# .
.........o.........#
...................#
....(........#######
......######## ....?. .....
.....


You could see an orc wizard, an ooze, 3 orcs and a centaur skeleton.

Vanquished Creatures
  An orc priest (D:3)
  Natasha (thrice) (D:3)
  An orc wizard (D:3)
  A worker ant (D:3)
  3 gnolls (D:3)
  4 adders
  An ooze (D:1)
  A worm (D:2)
  2 dart slugs
  3 leopard geckos (D:2)
  2 orcs (D:3)
  5 bats
  A bat zombie (D:2)
  2 giant cockroaches
  9 goblins
  7 hobgoblins
  3 jackals (D:3)
  4 ball pythons (D:3)
  2 frilled lizards
  8 kobolds
  8 rats
71 creatures vanquished.

Notes
Turn   | Place    | Note
-------+----------+-------------------------------------------
     0 | Abyss:1  | Esekla the Demonspawn Abyssal Knight began the quest for
                  | the Orb.
     0 | Abyss:1  | Reached XP level 1. HP: 18/18 MP: 2/2
    18 | Abyss:2  | Found a corrupted altar of Lugonu.
    26 | Abyss:2  | Noticed a raiju
    26 | Abyss:2  | Noticed a raiju
    26 | Abyss:2  | Noticed a raiju
    26 | Abyss:2  | Noticed a raiju
    29 | D:1      | Escaped the Abyss
   189 | D:1      | Reached * piety under Lugonu
   221 | D:1      | Gained mutation: You have large cloven feet. [demonic
                  | ancestry]
   221 | D:1      | Reached XP level 2. HP: 11/24 MP: 2/4
   328 | D:1      | Reached skill level 1 in Dodging
   626 | D:2      | Reached XP level 3. HP: 26/29 MP: 5/5
   791 | D:2      | Found a blossoming altar of Fedhas.
   836 | D:2      | Found a transporter.
   859 | D:2      | Noticed Menkaure
   898 | D:2      | Found a basalt altar of Yredelemnul.
   899 | D:2      | Found a transporter.
   900 | D:2      | Found an ancient bone altar of Kikubaaqudgha.
  1026 | D:2      | Found a shadowy altar of Dithmenos.
  1685 | D:3      | Reached XP level 4. HP: 28/37 MP: 6/6
  2675 | D:3      | Reached ** piety under Lugonu
  2689 | D:3      | Reached XP level 5. HP: 32/42 MP: 7/7
  2837 | D:3      | Noticed Natasha
  2846 | D:3      | Killed Natasha
  3084 | D:3      | Noticed Natasha
  3092 | D:3      | Killed Natasha
  3347 | D:3      | Noticed Natasha
  3357 | D:3      | Killed Natasha
  3357 | D:3      | Gained mutation: You are partially covered in large bone
                  | plates. (SH +4) [demonic ancestry]
  3357 | D:3      | Reached XP level 6. HP: 26/48 MP: 8/8
  3782 | D:4      | HP: 1/48 [orc/+0 trident (4)]
  3782 | D:4      | Slain by an orc wizard

Levels and vault maps discovered:
D:1:      dpeg_arrival_arbitrary_c, layout_rooms
D:2:      layout_basic, gammafunk_temple_of_torment,
          grunt_dithmenos_smoke_and_mirrors, fedhas_altar_1
D:3:      layout_basic, minmay_misc_feat_doors, serial_bayou_lagoon_a,
          uniq_natasha
D:4:      layout_basic, elyvilon_altar_1, makhleb_grotto_becter,
          minmay_temple_entry_hall, serial_curves, eino_curves_03,
          eino_curves_01

Skill      XL: |  1  2  3  4  5  6 |
---------------+-------------------+-----
Invocations    | 3 |  3.2
Armour         | 2 |  2.7
Dodging        | 1 2 |  2.2
Long Blades    | 2 3 4 |  4.0
Fighting       | 4 |  4.0
Stealth        | |  0.5

Action                   |  1- 3 |  4- 6 || total
-------------------------+-------+-------++-------
Melee: Falchion          |   125 |    98 ||   223
       Kick              |    18 |    28 ||    46
       Dagger            |       |     3 ||     3
Invok: Depart the Abyss  |     1 |       ||     1
  Use: Potion            |       |     2 ||     2
  Eat: Ration            |     1 |       ||     1
       Chunk             |       |     5 ||     5
Armor: Leather armour    |    40 |    27 ||    67
Dodge: Dodged            |    71 |    85 ||   156
Block: Other             |       |     4 ||     4
       Rpst.: Falchion   |    21 |    31 ||    52

Table legend:
 A = Non-vault XP
 B = Vault XP
 C = Vault XP percentage of total XP
 D = Non-vault monster count
 E = Vault monster count
 F = Vault count percentage of total count
                 A         B        C        D         E       F
            +---------+---------+-------+---------+---------+-------
      Total |     392 |      38 |   8.8 |      69 |       2 |   2.8
            +---------+---------+-------+---------+---------+-------
        D:1 |      35 |       0 |   0.0 |      19 |       0 |   0.0
        D:2 |      47 |       2 |   4.1 |      18 |       1 |   5.3
        D:3 |     296 |      36 |  10.8 |      31 |       1 |   3.1
        D:4 |      14 |       0 |   0.0 |       1 |       0 |   0.0
            +---------+---------+-------+---------+---------+-------
